 Dungeon Crawl Stone Soup version 0.29.1-15-g9cfb28693d (webtiles) character file.

Game seed: 4602434787606704470

42985 Sharkman1231 the Carver (level 14, -37/111 HPs)
             Began as a Gnoll Wanderer on Apr 16, 2023.
             Was an Elder of Makhleb.
             Killed from afar by a tengu reaver (44 damage)
             ... with a bolt of fire
             ... on level 13 of the Dungeon.
             The game lasted 00:24:21 (24955 turns).

Sharkman1231 the Carver (Gnoll Wanderer)           Turns: 24955, Time: 00:24:21

Health: -37/111    AC: 17    Str: 11    XL:     14   Next: 22%
Magic:  27/27      EV: 30    Int: 13    God:    Makhleb [****..]
Gold:   684        SH: 14    Dex: 20    Spells: 31/31 levels left

rFire   . . .      SeeInvis .   a - +2 whip (elec)
rCold   + . .      Faith    .   H - +2 kite shield
rNeg    . . .      Spirit   .   P - quicksilver dragon scales
rPois   .          Reflect  .   n - +2 hat
rElec   .          Harm     .   u - +0 cloak
rCorr   .          Rampage  .   l - +2 pair of gloves of Kaucuime {Dex+4}
Will    +++..                   s - +0 pair of boots
Stlth   ++++......              D - amulet of the acrobat
HPRegen 0.28/turn               j - ring of willpower
MPRegen 0.20/turn               m - ring of protection from cold

@: corroded, acrobatic, hasted, very quick
A: fangs 1, strong nose, distributed training
a: Renounce Religion, Minor Destruction, Lesser Servant of Makhleb, Major
Destruction


You were on level 13 of the Dungeon.
You worshipped Makhleb.
Makhleb was greatly pleased with you.
You visited 3 branches of the dungeon, and saw 17 of its levels.

You collected 1033 gold pieces.
You spent 349 gold pieces at shops.

Inventory:

Hand Weapons
 a - a +2 whip of electrocution (weapon)
 b - a +4 scimitar of flaming
 c - a +1 vorpal trident
 R - a +0 spear of venom
Missiles
 E - a throwing net (quivered)
 N - a curare-tipped dart
Armour
 l - the +2 pair of gloves of Kaucuime (worn) {Dex+4}
   (You found it on level 6 of the Dungeon)

   Dex:       It affects your dexterity (+4).
 n - a +2 hat (worn)
 s - a +0 pair of boots (worn)
 u - a +0 cloak (worn)
 x - a +1 ring mail of poison resistance
 G - +0 acid dragon scales
 H - a +2 kite shield (worn)
 P - quicksilver dragon scales (worn)
Jewellery
 f - a ring of ice
 j - a ring of willpower (left hand)
 m - a ring of protection from cold (right hand)
 r - a ring of fire
 t - a ring of poison resistance
 w - a ring of positive energy
 D - an amulet of the acrobat (around neck)
 F - a ring of wizardry
Wands
 B - a wand of roots (6)
Scrolls
 d - 8 scrolls of blinking
 g - 5 scrolls of noise {unknown}
 i - 2 scrolls of summoning {unknown}
 o - 4 scrolls of immolation {unknown}
 q - 8 scrolls of teleportation
 y - a scroll of poison {unknown}
 C - 3 scrolls of vulnerability
 I - 2 scrolls of brand weapon
 J - 2 scrolls of magic mapping
 K - a scroll of enchant armour
 M - a scroll of silence
 S - a scroll of fear
 U - a scroll of acquirement {unknown}
Potions
 e - 6 potions of curing
 h - a potion of heal wounds
 k - 3 potions of might
 p - 5 potions of flight
 v - 2 potions of resistance
 z - 10 potions of lignification
 L - 2 potions of brilliance {unknown}
 O - a potion of haste
 Q - 3 potions of cancellation {unknown}
 T - a potion of attraction {unknown}
 V - 2 potions of ambrosia
 W - a potion of invisibility {unknown}
Miscellaneous
 X - a condenser vane (inert)


   Skills:
 + Level 10.4 Fighting
 + Level 9.7 Short Blades
 + Level 11.4 Long Blades
 + Level 9.3 Axes
 + Level 9.3 Maces & Flails
 + Level 9.3 Polearms
 + Level 9.3 Staves
 + Level 9.3 Ranged Weapons
 + Level 9.3 Throwing
 + Level 10.4 Armour
 + Level 9.3 Dodging
 + Level 9.7 Stealth
 + Level 9.3 Shields
 + Level 9.3 Unarmed Combat
 + Level 9.3 Spellcasting
 + Level 7.8 Conjurations
 + Level 7.8 Hexes
 + Level 7.8 Summonings
 + Level 7.8 Necromancy
 + Level 7.8 Translocations
 + Level 7.8 Transmutations
 + Level 7.8 Fire Magic
 + Level 7.8 Ice Magic
 + Level 7.8 Air Magic
 + Level 7.8 Earth Magic
 + Level 7.8 Poison Magic
 + Level 10.2 Invocations
 + Level 9.7 Evocations


You had 31 spell levels left.
You didn't know any spells.
Your spell library contained the following spells:

 Spells                   Type           Power      Damage    Failure   Level
 Magic Dart               Conj           100%       1d8       2%          1
 Call Imp                 Summ           26%        N/A       3%          2
 Searing Ray              Conj           52%        2d6       3%          2
 Gell's Gravitas          Tloc           26%        N/A       7%          3
 Lesser Beckoning         Tloc           26%        N/A       7%          3
 Mephitic Cloud           Conj/Pois/Air  26%        N/A       7%          3
 Teleport Other           Tloc           26%        N/A       7%          3
 Animate Armour           Summ/Erth      52%        N/A       22%         4
 Fulminant Prism          Conj/Hex       13%        3d9       22%         4
 Alistair's Intoxication  Tmut/Pois      17%        N/A       52%         5
 Blade Hands              Tmut           13%        N/A       52%         5
 Borgnjor's Vile Clutch   Necr/Erth      13%        N/A       52%         5
 Summon Forest            Summ/Tloc      13%        N/A       52%         5
 Summon Mana Viper        Hex/Summ       26%        N/A       52%         5
 Dispersal                Tloc           13%        N/A       98%         6
 Eringya's Noxious Bog    Tmut/Pois      13%        N/A       98%         6
 Iron Shot                Conj/Erth      13%        9d3       98%         6
 Summon Cactus Giant      Summ           13%        N/A       98%         6
 Spellforged Servitor     Conj/Summ      13%        N/A       100%        7
 Borgnjor's Revivificati  Necr           13%        N/A       100%        8
 Necromutation            Tmut/Necr      13%        N/A       100%        8
 Death's Door             Necr           13%        N/A       100%        9


Dungeon Overview and Level Annotations

Branches:
Dungeon (14/15)            Temple (1/1) D:6            Lair (2/5) D:8
    Orc (0/2) D:10
  Swamp: Lair:2-3    Shoals: Lair:2-3     Snake: Lair:2-3    Spider: Lair:2-3
 Vaults: D:13-14

Altars:
Ashenzari
Cheibriados
Dithmenos
Elyvilon
Fedhas
Gozag
Hepliaklqana
Kikubaaqudgha
Makhleb
Nemelex Xobeh
Okawaru
Qazlal
Ru
Sif Muna
Trog
Uskayaw
Vehumet
Wu Jian
Xom
Yredelemnul
Zin
The Shining One

Shops:
D:3 [   D:4 !   D:8 !

Portals:
Trove: D:12 (give +7 demon whip)

Annotations:
D:8 Gastronok
D:14 Nessos


Innate Abilities, Weirdness & Mutations

You have very sharp teeth.
Your uncanny sense of smell can sniff out nearby items.
Your experience applies equally to all skills.


Message History

* * * LOW HITPOINT WARNING * * *
The yaktaur captain is engulfed in poison gas.
The yaktaur captain looks as sick as possible!
The frost giant is engulfed in poison gas.
The frost giant looks as sick as possible!
The orc warlord is engulfed in poison gas.
The orc warlord looks as sick as possible!
The stone giant is engulfed in poison gas.
The stone giant looks as sick as possible!
The ettin is engulfed in poison gas.
The ettin looks as sick as possible!
Unknown command.
Aiming: Bolt of Light
Press: ? - help, Shift-Dir - straight line, f - tengu reaver
Aim: a tengu reaver, wielding a +1 vorpal long sword, wearing a +0 ring mail and wearing a +0 buckler (poison gas, heavily wounded, extremely poisoned, 54% to hit)
The bolt of light misses the tengu reaver.
The bolt of light hits the stone giant!
The stone giant is moderately wounded.
The stone giant is blinded.
The now-empty wand crumbles to dust.
Unknown command.
The tengu reaver is engulfed in poison gas.
The tengu reaver looks as sick as possible!
The deep troll earth mage is engulfed in poison gas.
The deep troll earth mage looks as sick as possible!
The yaktaur captain is engulfed in poison gas.
The yaktaur captain looks as sick as possible!
The frost giant is engulfed in poison gas.
The frost giant looks as sick as possible!
The orc warlord is engulfed in poison gas.
The orc warlord looks as sick as possible!
The stone giant is engulfed in poison gas.
The stone giant looks as sick as possible!
The ettin is engulfed in poison gas.
The ettin looks as sick as possible!
Unknown command.
The tengu reaver points at you and mumbles some strange words.
The bolt of cold hits you!! You resist.
* * * LOW HITPOINT WARNING * * *
You hear a grinding noise.
The tengu reaver points at you and mumbles some strange words.
The bolt of fire hits you!!!
You die...

##...##.## ##...######.# #
......#.# ##.#######.# #
##....#.# #.#....<..# # ........#
#.#)####### # #####.###
#.############ #)#
######CC##..))... #[#
#...##|oo######## #.#
####.##Q#cC.# ###### #.#
#..@....T######.....
#####.############.###.##....####
................#3..###.###### #
####..#########...#..##.#########
#.## ###...#...#........ #.#
#################
##.#################.#.#
##....................#.########
##.....#################.........


You could see an orc warlord (extremely poisoned), a tengu reaver (extremely
poisoned), a yaktaur captain (extremely poisoned), an ettin (extremely poisoned)
and a deep troll earth mage (extremely poisoned).

Vanquished Creatures
  Kirke (D:12)
  A frost giant (D:13)
  4 hydras
  3 boulder beetles
  5 centaur warriors
  5 two-headed ogres
  2 tengu warriors (D:10)
  Nergalle (D:12)
  3 skeletal warriors (D:13)
  An orc knight (D:10)
  3 deep elf pyromancers
  Pikel (D:6)
  2 ugly things
  A manticore (D:13)
  7 cyclopes
  Joseph (D:8)
  2 black mambas (Lair:2)
  2 gargoyles
  An efreet (D:13)
  2 kobold demonologists (D:11)
  3 cane toads
  An unseen horror (D:12)
  4 komodo dragons
  3 trolls
  2 hornets
  A slime creature (D:10)
  3 blink frogs (Lair:1)
  3 wraiths
  3 shadows
  7 hogs (D:12)
  3 wyverns
  2 basilisks
  29 yaks
  5 vampire mosquitoes (D:10)
  2 steam dragons (D:6)
  3 wargs (D:10)
  6 water moccasins
  Duvessa (D:7)
  3 acid dragons
  5 sky beasts
  3 black bears
  2 ice beasts
  An orc warrior (D:10)
  An ogre (D:6)
  12 wolves (Lair:1)
  8 centaurs
  4 lemures
  A phantom (D:5)
  2 kobold brigands
  Blork the orc (D:6)
  6 bullfrogs
  3 necrophages
  A scorpion (D:8)
  8 gnoll sergeants
  4 wights (D:8)
  Dowan (D:7)
  3 killer bees (D:9)
  7 howler monkeys
  2 jellies (D:6)
  11 hounds
  4 gnoll boudas
  An orc priest (D:5)
  Crazy Yiuf (D:4)
  3 iguanas
  6 orc wizards
  31 gnolls
  8 adders
  2 white imps
  An ufetubus (D:7)
  6 dart slugs
  21 orcs
  10 ball pythons
  5 bats
  4 endoplasms
  A giant cockroach (D:4)
  7 goblins
  9 hobgoblins
  5 jackals
  11 kobolds
  4 quokkas
  5 frilled lizards
  3 rats
366 creatures vanquished.

Vanquished Creatures (collateral kills)
  The ghost of sigtrap the Blocker, a journeyman FoFi of Ashenzari (D:13)
1 creature vanquished.

Vanquished Creatures (others)
  35 fungi (D:8)
  66 plants
101 creatures vanquished.

Grand Total: 468 creatures vanquished

Notes
Turn   | Place    | Note
-------+----------+-------------------------------------------
     0 | D:1      | Sharkman1231 the Gnoll Wanderer began the quest for the
                  | Orb.
     0 | D:1      | Sharkman1231 set off with the following items: a +2
                  | falchion, a +0 short sword, a +0 scale mail, a scroll of
                  | blinking.
     0 | D:1      | Reached XP level 1. HP: 20/20 MP: 1/1
    68 | D:1      | Reached XP level 2. HP: 26/26 MP: 2/2
   725 | D:1      | Reached XP level 3. HP: 25/31 MP: 3/3
   913 | D:1      | Found a faded altar of an unknown god.
  1157 | D:2      | Reached skill level 1 in Invocations
  1180 | D:2      | Reached skill level 1 in Axes
  1180 | D:2      | Reached skill level 1 in Maces & Flails
  1180 | D:2      | Reached skill level 1 in Polearms
  1180 | D:2      | Reached skill level 1 in Staves
  1180 | D:2      | Reached skill level 1 in Ranged Weapons
  1180 | D:2      | Reached skill level 1 in Throwing
  1180 | D:2      | Reached skill level 1 in Dodging
  1180 | D:2      | Reached skill level 1 in Shields
  1180 | D:2      | Reached skill level 1 in Unarmed Combat
  1180 | D:2      | Reached skill level 1 in Spellcasting
  1403 | D:2      | Reached skill level 1 in Conjurations
  1403 | D:2      | Reached skill level 1 in Hexes
  1403 | D:2      | Reached skill level 1 in Summonings
  1403 | D:2      | Reached skill level 1 in Necromancy
  1403 | D:2      | Reached skill level 1 in Translocations
  1403 | D:2      | Reached skill level 1 in Transmutations
  1403 | D:2      | Reached skill level 1 in Fire Magic
  1403 | D:2      | Reached skill level 1 in Ice Magic
  1403 | D:2      | Reached skill level 1 in Air Magic
  1403 | D:2      | Reached skill level 1 in Earth Magic
  1403 | D:2      | Reached skill level 1 in Poison Magic
  1403 | D:2      | Reached XP level 4. HP: 30/38 MP: 5/5
  2311 | D:3      | Reached XP level 5. HP: 43/43 MP: 5/7
  2764 | D:3      | Found Ukuiva's Antique Armour Shop.
  2994 | D:4      | Found Arexept's Distillery.
  2997 | D:4      | Bought a potion of heal wounds for 55 gold pieces
  3552 | D:4      | Found a runed translucent door.
  3553 | D:4      | Noticed Crazy Yiuf
  3779 | D:4      | Killed Crazy Yiuf
  3780 | D:4      | Reached XP level 6. HP: 39/50 MP: 8/8
  3881 | D:5      | Entered Level 5 of the Dungeon
  3898 | D:4      | Reached skill level 5 in Fighting
  3898 | D:4      | Reached skill level 5 in Armour
  3948 | D:5      | Noticed a black bear
  3960 | D:5      | Killed a black bear
  4033 | D:5      | Reached skill level 7 in Long Blades
  4033 | D:5      | Reached XP level 7. HP: 51/56 MP: 10/10
  4890 | D:5      | Reached XP level 8. HP: 63/63 MP: 12/12
  5135 | D:5      | Found a broken altar of Ashenzari.
  5254 | D:5      | HP: 3/64 [gnoll/+2 vampiric whip (6)]
  6016 | D:5      | Found a hazy altar of Hepliaklqana.
  6593 | D:6      | Reached XP level 9. HP: 49/69 MP: 13/15
  6918 | D:6      | Noticed Blork the orc
  6983 | D:6      | Killed Blork the orc
  7076 | D:6      | Reached skill level 5 in Short Blades
  7076 | D:6      | Reached skill level 5 in Evocations
  7729 | D:6      | Found a shimmering altar of Xom.
  7742 | D:6      | Identified the +2 pair of gloves of Kaucuime {Dex+4}
  7842 | D:6      | Found a staircase to the Ecumenical Temple.
  7885 | Temple   | Entered the Ecumenical Temple
  7897 | Temple   | Became a worshipper of Makhleb the Destroyer
  7964 | D:7      | Noticed Duvessa
  7964 | D:7      | Noticed Dowan
  7973 | D:7      | Killed Dowan
  7974 | D:7      | Reached skill level 5 in Stealth
  8360 | D:7      | Reached skill level 8 in Long Blades
  8427 | D:7      | Reached skill level 5 in Invocations
  9347 | D:7      | Killed Duvessa
  9632 | D:8      | Reached * piety under Makhleb
  9641 | D:8      | Reached skill level 5 in Axes
  9641 | D:8      | Reached skill level 5 in Maces & Flails
  9641 | D:8      | Reached skill level 5 in Polearms
  9641 | D:8      | Reached skill level 5 in Staves
  9641 | D:8      | Reached skill level 5 in Ranged Weapons
  9641 | D:8      | Reached skill level 5 in Throwing
  9641 | D:8      | Reached skill level 5 in Dodging
  9641 | D:8      | Reached skill level 5 in Shields
  9641 | D:8      | Reached skill level 5 in Unarmed Combat
  9641 | D:8      | Reached skill level 5 in Spellcasting
  9641 | D:8      | Reached XP level 10. HP: 73/77 MP: 17/17
  9746 | D:6      | Noticed Pikel
  9855 | D:6      | Killed Pikel
 10032 | D:3      | Bought a glowing kite shield for 210 gold pieces
 10237 | D:8      | Found Ruzeatis's Distillery.
 10242 | D:8      | Bought a potion of curing for 42 gold pieces
 10242 | D:8      | Bought a potion of curing for 42 gold pieces
 11128 | D:8      | Found a staircase to the Lair.
 11180 | D:8      | Noticed Joseph
 11221 | D:8      | Killed Joseph
 11332 | D:8      | Noticed Gastronok
 12339 | D:9      | Reached skill level 9 in Long Blades
 12339 | D:9      | Reached skill level 5 in Conjurations
 12339 | D:9      | Reached skill level 5 in Hexes
 12339 | D:9      | Reached skill level 5 in Summonings
 12339 | D:9      | Reached skill level 5 in Necromancy
 12339 | D:9      | Reached skill level 5 in Translocations
 12339 | D:9      | Reached skill level 5 in Transmutations
 12339 | D:9      | Reached skill level 5 in Fire Magic
 12339 | D:9      | Reached skill level 5 in Ice Magic
 12339 | D:9      | Reached skill level 5 in Air Magic
 12339 | D:9      | Reached skill level 5 in Earth Magic
 12339 | D:9      | Reached skill level 5 in Poison Magic
 12442 | D:9      | Reached XP level 11. HP: 68/85 MP: 20/20
 12708 | D:9      | Found a sparkling altar of Nemelex Xobeh.
 12762 | D:9      | Found a basalt altar of Yredelemnul.
 12993 | D:9      | Reached ** piety under Makhleb
 13269 | D:10     | Entered Level 10 of the Dungeon
 13474 | D:10     | Found a staircase to the Orcish Mines.
 13684 | D:10     | Noticed a two-headed ogre
 14185 | D:10     | Killed a two-headed ogre
 14639 | D:10     | Noticed a six-headed hydra
 14655 | D:10     | Killed a six-headed hydra
 14691 | D:10     | Noticed a centaur warrior
 14702 | D:10     | Killed a centaur warrior
 14977 | D:10     | Noticed a two-headed ogre
 14982 | D:10     | Killed a two-headed ogre
 15094 | D:10     | Noticed an orc knight
 15130 | D:10     | Killed an orc knight
 15297 | D:10     | Noticed a two-headed ogre
 15308 | D:10     | Noticed a cyclops
 15314 | D:10     | Killed a two-headed ogre
 15315 | D:10     | Reached XP level 12. HP: 68/94 MP: 22/22
 15626 | D:10     | Identified the +1 ring mail of Qazlal's Inspiration {Will++
                  | Stlth-}
 15743 | D:10     | Noticed a tengu warrior
 15807 | D:10     | Killed a tengu warrior
 15969 | D:10     | Noticed a tengu warrior
 16070 | D:10     | Noticed a boulder beetle
 16122 | D:10     | Killed a boulder beetle
 16123 | D:10     | Reached skill level 10 in Long Blades
 16222 | D:10     | Killed a tengu warrior
 16305 | D:10     | Got the Secrets of Quantum Creation
 16365 | D:10     | Reached *** piety under Makhleb
 16909 | D:11     | Noticed a two-headed ogre
 16923 | D:11     | Killed a two-headed ogre
 17640 | D:11     | Found a glowing golden altar of the Shining One.
 18487 | D:12     | Noticed Kirke
 18540 | D:12     | Reached XP level 13. HP: 96/101 MP: 25/25
 18588 | D:12     | Killed Kirke
 19065 | D:12     | Noticed Nergalle
 19079 | D:12     | Killed Nergalle
 19079 | D:12     | Reached **** piety under Makhleb
 19548 | D:12     | Found a portal to a secret trove of treasure.
 20464 | D:13     | Found a runed translucent door.
 20484 | D:13     | Noticed sigtrap's ghost (journeyman FoFi)
 21691 | D:13     | Noticed an ettin
 21691 | D:13     | Noticed a yaktaur captain
 21691 | D:13     | Noticed a frost giant
 21692 | D:13     | Noticed a frost giant
 21692 | D:13     | Found a runed translucent door.
 21694 | D:13     | Noticed a stone giant
 21694 | D:13     | Noticed a tengu reaver
 21694 | D:13     | Noticed an orc warlord
 21784 | D:14     | Reached skill level 10 in Fighting
 21784 | D:14     | Reached skill level 11 in Long Blades
 21784 | D:14     | Reached skill level 10 in Armour
 22647 | D:14     | Noticed Nessos
 22781 | Lair:1   | Entered Level 1 of the Lair of Beasts
 23141 | Lair:1   | Reached XP level 14. HP: 89/110 MP: 27/27
 23154 | Lair:1   | Reached skill level 10 in Invocations
 24874 | D:13     | Killed sigtrap's ghost
 24939 | D:13     | Killed a frost giant
 24955 | D:13     | Killed from afar by a tengu reaver

Illustrated notes

Levels and vault maps discovered:
D:1:      sevenhm_arrival_forest_fort_small_1, layout_loops_corners,
          chequers_ecumenical_altar_grove
D:2:      layout_loops_ring, chequers_jeans, kennysheep_minor_cross,
          serial_bayou_crossing
D:3:      layout_basic, serial_shops, nicolae_diamond_shop
D:4:      layout_loops_ring, serial_shops, kennysheep_mini, minmay_pentangle,
          uniq_crazy_yiuf_cottage
D:5:      layout_cave_pools, worldfamousw_hep_ancestral_shrine,
          mainiacjoe_overflow_alcove_2, serial_gnoll_camp,
          gnoll_camp_mini_basic, gnoll_camp_medium_01, gnoll_camp_mini_hut,
          gnoll_camp_huts_basic
D:6:      cheibrodos_steamvent, layout_cave_pools,
          mainiacjoe_overflow_boulevard, minmay_temple_entry_poolview,
          kennysheep_small_circle, uniq_blork_the_orc, uniq_pikel
D:7:      layout_loops_ring, minmay_misc_feat_plants,
          hellmonk_bongcloud_opening, st_stairs_14, uniq_duvessa
D:8:      layout_loops_corners, due_lair_maze_entry_diamond, serial_shops,
          kennysheep_little_box, uniq_joseph, uniq_gastronok
D:9:      layout_loops_cross, marbit_many_paths,
          mainiacjoe_overflow_concentric_impassable
D:10:     minmay_the_grid_octo_tiled_squarecenter
          [minmay_the_grid_octo_tetromino_candy,
          minmay_the_grid_octo_fat_diamond, minmay_the_grid_octo_chip,
          minmay_the_grid_octo_pinwheel,
          minmay_the_grid_square_5x5_megaprize_open,
          minmay_the_grid_square_5x5_bracketed,
          minmay_the_grid_square_5x5_n_small, minmay_the_grid_square_5x5_inset,
          minmay_the_grid_square_5x5_z], layout_basic,
          minmay_orc_entry_guard_dogs
D:11:     layout_long_grid, nicolae_tso_carved_into_rock
D:12:     layout_gridville, enter_trove_2, uniq_nergalle, uniq_kirke
D:13:     minmay_gate_of_8, layout_loops_ring, gammafunk_ghost_grave
D:14:     layout_irregular_city, david_vaults_1, minmay_misc_feat_hallway,
          ebering_ghost_xom, uniq_nessos, uniq_josephine
Temple:   sentei_temple_godly_chess
Lair:1:   beast_lair_carwin_large_3, layout_big_grid
Lair:2:   layout_regular_city, elwin_shoals_entry_rooms, serial_bayou_pond_d,
          grunt_megastairs_5, lemuel_fruit_tree

Skill      XL: |  1  2  3  4  5  6  7  8  9 10 11 12 13 14 |
---------------+-------------------------------------------+-----
Invocations    | 1 2 3 4 5 6 7 8 9 10 | 10.2
Axes           | 1 2 3 4 5 6 7 8 9 |  9.3
Maces & Flails | 1 2 3 4 5 6 7 8 9 |  9.3
Polearms       | 1 2 3 4 5 6 7 8 9 |  9.3
Staves         | 1 2 3 4 5 6 7 8 9 |  9.3
Ranged Weapons | 1 2 3 4 5 6 7 8 9 |  9.3
Throwing       | 1 2 3 4 5 6 7 8 9 |  9.3
Dodging        | 1 2 3 4 5 6 7 8 9 |  9.3
Shields        | 1 2 3 4 5 6 7 8 9 |  9.3
Unarmed Combat | 1 2 3 4 5 6 7 8 9 |  9.3
Spellcasting   | 1 2 3 4 5 6 7 8 9 |  9.3
Conjurations   | 1 2 3 4 5 6 7 |  7.8
Hexes          | 1 2 3 4 5 6 7 |  7.8
Summonings     | 1 2 3 4 5 6 7 |  7.8
Necromancy     | 1 2 3 4 5 6 7 |  7.8
Translocations | 1 2 3 4 5 6 7 |  7.8
Transmutations | 1 2 3 4 5 6 7 |  7.8
Fire Magic     | 1 2 3 4 5 6 7 |  7.8
Ice Magic      | 1 2 3 4 5 6 7 |  7.8
Air Magic      | 1 2 3 4 5 6 7 |  7.8
Earth Magic    | 1 2 3 4 5 6 7 |  7.8
Poison Magic   | 1 2 3 4 5 6 7 |  7.8
Short Blades   | 3 4 5 6 7 8 9 |  9.7
Evocations     | 3 4 5 6 7 8 9 |  9.7
Stealth        | 3 4 5 6 7 8 9 |  9.7
Fighting       | 5 6 7 8 9 10 | 10.4
Armour         | 5 6 7 8 9 10 | 10.4
Long Blades    | 7 8 9 10 11 | 11.4

Action                   |  1- 3 |  4- 6 |  7- 9 | 10-12 | 13-15 || total
-------------------------+-------+-------+-------+-------+-------++-------
Melee: Falchion          |    75 |    19 |    85 |    52 |       ||   231
       Bite              |     3 |    21 |    55 |   170 |   135 ||   384
       Spear             |       |   147 |   501 |   141 |    23 ||   812
       Punch             |       |     1 |    19 |     1 |       ||    21
       Whip              |       |       |       |   882 |   670 ||  1552
       Trident           |       |       |       |       |    53 ||    53
       Scimitar          |       |       |       |       |    12 ||    12
Throw: Throwing net      |       |       |     3 |       |       ||     3
Invok: Minor Destruction |       |       |       |     3 |       ||     3
       Lesser Servant of |       |       |       |       |     2 ||     2
Evoke: Wand              |       |       |     6 |    13 |     5 ||    24
       Condenser vane    |       |       |       |       |     1 ||     1
  Use: Scroll            |       |     5 |     3 |     5 |     5 ||    18
       Potion            |       |       |     4 |     1 |     2 ||     7
 Stab: Sleeping          |       |     2 |     2 |     5 |     7 ||    16
       Distracted        |       |     1 |     1 |       |       ||     2
       Paralysed         |       |       |    13 |     8 |       ||    21
       Invisible         |       |       |     4 |     5 |       ||     9
Armor: Scale mail        |    30 |    62 |    93 |       |       ||   185
       Ring mail         |       |       |   157 |   122 |       ||   279
       Acid dragon scale |       |       |       |    56 |       ||    56
       Quicksilver drago |       |       |       |   115 |   277 ||   392
Dodge: Dodged            |    33 |    70 |   303 |   434 |   360 ||  1200
Block: Kite shield       |       |       |       |   717 |   491 ||  1208
